 Dungeon Crawl Stone Soup version 0.22-a0-351-g29664b4 (webtiles) character file.

1982 Amnesiac the Thaumaturge (level 8, -1/57 HPs)
             Began as a Demigod Conjurer on Apr 13, 2018.
             Slain by an eight-headed hydra (10 damage)
             ... on level 6 of the Dungeon.
             The game lasted 00:12:11 (7128 turns).

Amnesiac the Thaumaturge (Demigod Conjurer)         Turns: 7128, Time: 00:12:12

Health: -1/57      AC: 12    Str: 11    XL:     8   Next: 69%
Magic:  0/24       EV: 11    Int: 27    God:
Gold:   346        SH:  0    Dex: 16    Spells: 16/23 levels left

rFire    + . .     SeeInvis .   v - +0 hunting sling
rCold    . . .     Gourm    .   (no shield)
rNeg     . . .     Faith    .   m - +1 ring mail {rF+}
rPois    .         Spirit   .   B - +2 helmet "Dimpufik" {Int+4 Stlth+}
rElec    .         Reflect  .   (no cloak)
rCorr    .         Harm     .   h - +1 pair of gloves
MR       .....                  k - +0 pair of boots
Stlth    ++........             o - amulet of the acrobat
HPRegen  0.19/turn              (no ring)
MPRegen  0.19/turn              (no ring)

@: no status effects
A: high mp 1
a: no special abilities


You were on level 6 of the Dungeon.
You were not hungry.

You visited 1 branch of the dungeon, and saw 6 of its levels.

You collected 346 gold pieces.

Inventory:

Hand Weapons
 v - a +0 hunting sling (weapon)
 x - a +2 falchion of pain
Missiles
 l - 37 poisoned needles
 u - 69 sling bullets (quivered)
 w - 157 stones
Armour
 h - a +1 pair of gloves (worn)
 k - a +0 pair of boots (worn)
 m - a +1 ring mail of fire resistance (worn)
 B - the +2 helmet "Dimpufik" (worn) {Int+4 Stlth+}
   (You took it off Robin on level 4 of the Dungeon)

   It affects your intelligence (+4).
   It makes you more stealthy.
 K - a +2 hat
Magical Staves
 p - an uncursed staff of fire
Jewellery
 o - an amulet of the acrobat (around neck)
Wands
 y - a wand of acid (4)
 A - a wand of paralysis (12)
 H - a wand of disintegration (2)
Scrolls
 a - a scroll of torment {!r, unknown}
 d - 12 scrolls of identify {!r, unknown}
 f - 7 scrolls of remove curse {!r}
 n - 7 scrolls of teleportation {!r, unknown}
 q - 2 scrolls of enchant armour {!r, unknown}
 t - a scroll of enchant weapon {!r, unknown}
 D - a scroll of summoning {!r, unknown}
 E - a scroll of acquirement {!r, unknown}
 F - a scroll of fear {!r, unknown}
 G - a scroll of fog {!r, unknown}
Potions
 b - 5 potions of heal wounds {!q, unknown}
 e - a potion of mutation {!q, unknown}
 g - a potion of brilliance {!q, unknown}
 i - 2 potions of flight {!q, unknown}
 j - a potion of resistance {!q, unknown}
 r - 4 potions of curing {!q}
 s - 2 potions of degeneration {!q, unknown}
 z - a potion of haste {!q, unknown}
 C - 2 potions of berserk rage {!q, unknown}
 I - a potion of agility {!q, unknown}
 J - a potion of invisibility {!q, unknown}
 L - a potion of lignification {!q, unknown}
Comestibles
 c - 8 rations
 M - 4 chunks of flesh


   Skills:
 - Level 1.7 Dodging
 - Level 1.7 Stealth
 - Level 8.0 Spellcasting
 + Level 7.6 Conjurations


You had 16 spell levels left.
You knew the following spells:

 Your Spells              Type           Power        Failure   Level  Hunger
a - Magic Dart            Conj           ####         1%          1    None
d - Iskenderun's Mystic   Conj           ######..     5%          4    ##.....
e - Searing Ray           Conj           ######       1%          2    None


Dungeon Overview and Level Annotations

Branches:
Dungeon (6/15)             Temple (0/1) D:4


Innate Abilities, Weirdness & Mutations

You have an increased reservoir of magic. (+10% MP)


Message History

Confirm with . or Enter, or press ? or * to list all spells.
Aiming: Iskenderun's Mystic Blast (safe; 5% risk of failure)
Press: ? - help, Shift-Dir - straight line, f/p - eight-headed hydra
Aim: an eight-headed hydra (lightly wounded)
The orb of energy hits the eight-headed hydra.
The eight-headed hydra is heavily wounded.
The orb of energy explodes!
Casting: Iskenderun's Mystic Blast (safe; 5% risk of failure)
Confirm with . or Enter, or press ? or * to list all spells.
Aiming: Iskenderun's Mystic Blast (safe; 5% risk of failure)
Press: ? - help, Shift-Dir - straight line, f/p - eight-headed hydra
Aim: an eight-headed hydra (heavily wounded)
The orb of energy hits the eight-headed hydra.
The eight-headed hydra is heavily wounded.
The orb of energy explodes!
Casting: Iskenderun's Mystic Blast (safe; 5% risk of failure)
Confirm with . or Enter, or press ? or * to list all spells.
Aiming: Iskenderun's Mystic Blast (safe; 5% risk of failure)
Press: ? - help, Shift-Dir - straight line, f/p - eight-headed hydra
Aim: an eight-headed hydra (heavily wounded)
The orb of energy hits the eight-headed hydra.
The eight-headed hydra is severely wounded.
The orb of energy explodes!
The eight-headed hydra barely misses you.
The eight-headed hydra bites you but does no damage. x2
The eight-headed hydra misses you.
The eight-headed hydra bites you but does no damage.
The eight-headed hydra barely misses you.
The eight-headed hydra bites you.
The eight-headed hydra closely misses you.
Casting: Iskenderun's Mystic Blast (safe; 5% risk of failure)
Confirm with . or Enter, or press ? or * to list all spells.
Aiming: Iskenderun's Mystic Blast (safe; 5% risk of failure)
Press: ? - help, Shift-Dir - straight line, f/p - eight-headed hydra
Aim: an eight-headed hydra (severely wounded)
The orb of energy hits the eight-headed hydra.
The eight-headed hydra is almost dead.
The orb of energy explodes!
The eight-headed hydra bites you but does no damage. x3
The eight-headed hydra misses you.
The eight-headed hydra barely misses you.
The eight-headed hydra bites you! x2; The eight-headed hydra bites you.
* * * LOW HITPOINT WARNING * * *
Casting: Iskenderun's Mystic Blast (safe; 5% risk of failure)
Confirm with . or Enter, or press ? or * to list all spells.
You don't have enough magic to cast that spell.
Casting: Iskenderun's Mystic Blast (safe; 5% risk of failure)
Confirm with . or Enter, or press ? or * to list all spells.
Aiming: Magic Dart (safe; 1% risk of failure)
Press: ? - help, Shift-Dir - straight line, f/p - eight-headed hydra
Aim: an eight-headed hydra (almost dead)
The magic dart hits the eight-headed hydra.
The eight-headed hydra is almost dead.
The eight-headed hydra bites you but does no damage.
The eight-headed hydra closely misses you.
The eight-headed hydra completely misses you.
The eight-headed hydra bites you!
* * * LOW HITPOINT WARNING * * *
The eight-headed hydra closely misses you.
The eight-headed hydra bites you but does no damage.
The eight-headed hydra bites you!
* * * LOW HITPOINT WARNING * * *
The eight-headed hydra bites you!
You die...

#.# #.# #..######... #.#
#.####..######... ####.#
#.##........##... ##.##.#
#.##.#..###......
##.#.#.########.##.#..######...
#.#................#...........
##.<.#.###.###...###.#######...
##....# #.....#.......######..
#.....###.(##@..###.(........#
#...##...#.##D.## ###.########
#.......##.##.## #.#
#...######.##.# #.# #...#
#.##.# #.# #...######.##.# #.#
#......D......# #.#
#.#....###.#..#######.#
#.#..#.............##.#


You could see an eight-headed hydra.

Vanquished Creatures
  Grinder (D:5)
  Edmund (D:4)
  Duvessa (D:5)
  An ice beast (D:5)
  4 ogres
  A black bear (D:6)
  2 phantoms
  A scorpion (D:6)
  Dowan (D:5)
  2 crimson imps (D:6)
  2 hounds (D:6)
  2 jellies (D:6)
  A centaur skeleton (D:6)
  An orc priest (D:3)
  A bullfrog skeleton (D:6)
  2 worker ants
  An iguana (D:4)
  Natasha (thrice) (D:4)
  2 orc wizards (D:6)
  Robin (D:4)
  4 gnolls
  8 adders
  A shadow imp (D:6)
  2 adder skeletons (D:6)
  6 worms
  A dart slug (D:1)
  4 leopard geckos
  15 orcs
  2 ball pythons (D:3)
  10 giant cockroaches
  22 goblins
  13 hobgoblins
  6 jackals
  11 kobolds
  3 quokkas
  5 bats
  4 frilled lizards
  A quokka skeleton (D:5)
  A quokka zombie (D:6)
  6 rats
156 creatures vanquished.

Notes
Turn   | Place    | Note
-------+----------+-------------------------------------------
     0 | D:1      | Amnesiac the Demigod Conjurer began the quest for the Orb.
     0 | D:1      | Reached XP level 1. HP: 14/14 MP: 5/5
    94 | D:1      | Reached skill level 2 in Spellcasting
   291 | D:1      | Reached XP level 2. HP: 20/20 MP: 2/7
   899 | D:1      | Reached XP level 3. HP: 25/26 MP: 3/9
  1227 | D:2      | Learned a level 2 spell: Searing Ray
  1255 | D:2      | Reached skill level 3 in Spellcasting
  1416 | D:2      | Found a sacrificial altar of Ru.
  1512 | D:2      | Reached XP level 4. HP: 33/33 MP: 3/12
  1845 | D:2      | Reached skill level 4 in Spellcasting
  1851 | D:2      | Learned a level 4 spell: Iskenderun's Mystic Blast
  2402 | D:3      | Reached XP level 5. HP: 27/38 MP: 14/14
  3321 | D:3      | Found a stormy altar of Qazlal.
  3327 | D:3      | Found a burning altar of Makhleb.
  3331 | D:3      | Found an ornate altar of the Wu Jian Council.
  3331 | D:3      | Found a glowing silver altar of Zin.
  3565 | D:4      | Found an opulent altar of Gozag.
  3680 | D:4      | Noticed an ogre
  3804 | D:4      | Noticed Robin
  3842 | D:4      | Killed Robin
  3845 | D:4      | Got a fine helmet
  3856 | D:4      | Identified the +2 helmet "Dimpufik" {Int+4 Stlth+} (You took it off Robin on level 4 of the Dungeon)
  3935 | D:4      | Noticed Natasha
  3940 | D:4      | Killed Natasha
  3940 | D:4      | Reached XP level 6. HP: 45/45 MP: 10/16
  3989 | D:4      | Reached skill level 5 in Spellcasting
  4186 | D:4      | Noticed Natasha
  4249 | D:4      | Found a staircase to the Ecumenical Temple.
  4314 | D:4      | Noticed Edmund
  4315 | D:4      | Killed Natasha
  4391 | D:4      | Killed Edmund
  4391 | D:4      | Reached skill level 5 in Conjurations
  4643 | D:4      | Reached skill level 6 in Spellcasting
  4643 | D:4      | Reached XP level 7. HP: 50/50 MP: 4/19
  4655 | D:4      | Noticed Natasha
  4663 | D:4      | Killed Natasha
  5030 | D:5      | Entered Level 5 of the Dungeon
  5119 | D:5      | Noticed Grinder
  5159 | D:5      | Killed Grinder
  5209 | D:5      | Reached skill level 7 in Spellcasting
  5258 | D:5      | Reached XP level 8. HP: 57/57 MP: 1/22
  5316 | D:5      | Noticed Dowan
  5322 | D:5      | Killed Dowan
  5323 | D:5      | Noticed Duvessa
  5465 | D:5      | Killed Duvessa
  6070 | D:6      | Reached skill level 8 in Spellcasting
  6372 | D:6      | Noticed an eight-headed hydra
  7128 | D:6      | Slain by an eight-headed hydra

Vault maps used:
D:1:      dpeg_arrival_round_c
D:2:      lemuel_doored_altar
D:3:      grunt_temple_overflow_open
D:4:      minmay_temple_entry_poolview, minmay_fountain_box,
          nicolae_gozag_seed_capital, uniq_natasha, uniq_robin, uniq_edmund
D:5:      gup_sewer_entry_spiral, first_ration, uniq_grinder, uniq_duvessa
D:6:      nzn_random_ring

Skill      XL: |  1  2  3  4  5  6  7  8 |
---------------+-------------------------+-----
Spellcasting   | 2 3 4 6 7 8 |  8.0
Conjurations   | 4 5 6 7 |  7.6
Dodging        | |  1.7
Stealth        | |  1.7

Action                   |  1- 3 |  4- 6 |  7- 9 || total
-------------------------+-------+-------+-------++-------
Melee: Unarmed           |     4 |       |       ||     4
 Fire: Hunting sling     |       |   171 |   173 ||   344
 Cast: Magic Dart        |    97 |    47 |     7 ||   151
       Searing Ray       |     2 |    15 |     1 ||    18
       Iskenderun's Myst |       |    13 |    41 ||    54
Evoke: Wand              |       |       |     1 ||     1
  Use: Scroll            |     1 |       |       ||     1
  Eat: Chunk             |     2 |    11 |     8 ||    21
       Ration            |       |       |     1 ||     1
Armor: Robe              |     9 |    13 |       ||    22
       Ring mail         |       |     3 |    68 ||    71
Dodge: Dodged            |    17 |    71 |    77 ||   165

Table legend:
 A = Spawn XP
 B = Non-spawn XP
 C = Spawn XP percentage of total XP
 D = Spawn monster count
 E = Non-spawn monster count
 F = Spawn count percentage of total count
 G = Total turns spent on level
                    A         B        C        D         E        F      G
               +---------+---------+-------+---------+---------+-------+---------
         Total |       0 |    2832 |   0.0 |       0 |     156 |   0.0 |  7128
               +---------+---------+-------+---------+---------+-------+---------
           D:1 |       0 |      70 |   0.0 |       0 |      29 |   0.0 |  1544
           D:2 |       0 |     151 |   0.0 |       0 |      34 |   0.0 |  1123
           D:3 |       0 |     126 |   0.0 |       0 |      29 |   0.0 |   919
           D:4 |       0 |     782 |   0.0 |       0 |      27 |   0.0 |  1444
           D:5 |       0 |     811 |   0.0 |       0 |      16 |   0.0 |   730
           D:6 |       0 |     892 |   0.0 |       0 |      21 |   0.0 |  1368
               +---------+---------+-------+---------+---------+-------+---------
